 Dungeon Crawl Stone Soup version 0.22.1-1-ga44c0e56f4 (webtiles) character file.

2128 Crag the Magician (level 9, -4/57 HPs)
             Began as a Demonspawn Ice Elementalist on Sept 30, 2018.
             Was a Priest of Cheibriados.
             Slain by a wraith (11 damage)
             ... on level 7 of the Dungeon.
             The game lasted 00:31:20 (6435 turns).

Crag the Magician (Demonspawn Ice Elementalist)     Turns: 6435, Time: 00:31:21

Health: -4/57      AC:  6    Str: 16    XL:     9   Next: 8%
Magic:  0/20       EV: 13    Int: 26    God:    Cheibriados [***...]
Gold:   503        SH:  4    Dex: 21    Spells: 16/23 levels left

rFire    . . .     SeeInvis .   b - +3 short sword (venom)
rCold    . . .     Gourm    .   (no shield)
rNeg     . . .     Faith    .   w - +1 robe {MR+}
rPois    .         Spirit   +   l - +0 helmet
rElec    .         Reflect  .   (no cloak)
rCorr    .         Harm     .   p - +0 pair of gloves
MR       +....                  i - +0 pair of boots
Stlth    ++........             (no amulet)
HPRegen  0.59/turn              f - ring of attention (curse)
MPRegen  0.34/turn              h - ring of stealth

@: slowed, very slow
A: talons 2, large bone plates 1, blink, regeneration 1, magic shield, magic
regeneration
a: Blink, Bend Time, Temporal Distortion, Renounce Religion


You were on level 7 of the Dungeon.
You worshipped Cheibriados.
Cheibriados was most pleased with you.
You were not hungry.

You visited 1 branch of the dungeon, and saw 7 of its levels.

You collected 503 gold pieces.

Inventory:

Hand Weapons
 b - a +3 short sword of venom (weapon)
 e - a +0 halberd
 k - a +5 short sword of protection
Missiles
 d - 182 stones (quivered)
 t - 4 tomahawks
Armour
 a - a +0 robe
 i - a +0 pair of boots (worn)
 l - a +0 helmet (worn)
 p - a +0 pair of gloves (worn)
 w - a +1 robe of magic resistance (worn)
Jewellery
 f - a cursed ring of attention (left hand)
 h - a ring of stealth (right hand)
Wands
 m - a wand of flame (29)
 r - a wand of iceblast (10)
 v - a wand of acid (9)
Scrolls
 j - 9 scrolls of identify
 o - 2 scrolls of amnesia
 s - a scroll of blinking
 x - a scroll of fear {unknown}
Potions
 q - 3 potions of brilliance
 u - 2 potions of flight
Comestibles
 c - 15 rations
 n - 2 chunks of flesh


   Skills:
 - Level 2.2 Dodging
 - Level 1.7 Stealth
 + Level 7.9 Spellcasting
 - Level 6.5 Conjurations
 - Level 3.1 Ice Magic
 - Level 4.4 Air Magic


You had 16 spell levels left.
You knew the following spells:

 Your Spells              Type           Power        Failure   Level  Hunger
a - Freeze                Ice            ####         1%          1    None
b - Throw Frost           Conj/Ice       #####.       1%          2    None
c - Mephitic Cloud        Conj/Pois/Air  ####....     3%          3    None
d - Magic Dart            Conj           ####         1%          1    None

Your spell library contained the following spells:

 Spells                   Type           Power        Failure   Level  Hunger
 Conjure Flame            Conj/Fire      ####....     4%          3    None
 Throw Icicle             Conj/Ice       #####...     8%          4    ##.....
 Blink                    Tloc           N/A          9%          2    None
 Call Imp                 Summ           ##......     9%          2    None
 Slow                     Hex            ##......     9%          2    None
 Ozocubu's Armour         Chrm/Ice       ###.....     9%          3    None
 Summon Ice Beast         Ice/Summ       ###.....     30%         4    ##.....


Dungeon Overview and Level Annotations

Branches:
Dungeon (7/15)             Temple (0/1) D:6

Altars:
Cheibriados
Dithmenos
Fedhas
Gozag
Okawaru
Qazlal
Ru
Sif Muna
Wu Jian
Yredelemnul

Annotations:
D:3 3 runed doors, Boostio's ghost, amateur MiFi; madstrager's ghost, amateur HuFi
D:4 1 runed door, Gabide's ghost, novice GnWz


Innate Abilities, Weirdness & Mutations

You have razor-sharp toenails.
You are partially covered in large bone plates. (SH +4)
When hurt, damage is shared between your health and your magic reserves.
You regenerate magic rapidly.
You can translocate small distances at will.
Your natural rate of healing is unusually fast.


Message History

You block the wraith's attack. The wraith hits you!
* * * LOW HITPOINT WARNING * * *
The wraith drains your vigour!
You feel as though you will be slow longer.
You hit the wraith but do no damage.
The wraith is severely damaged.
You block the wraith's attack. The wraith closely misses you.
You hit the wraith but do no damage.
The wraith is severely damaged.
The wraith hits you!
* * * LOW HITPOINT WARNING * * *
The wraith drains your vigour!
You feel as though you will be slow longer.
You hit the wraith.
The wraith is severely damaged.
The wraith hits you. The wraith hits you but does no damage.
You hit the wraith.
The wraith is almost destroyed.
The wraith hits you!
You die...

..[. ##.##
###.#.##
#..###.#
#.#.#.## #.##.##
#.#### ### #.# #
##.######.#
#.####@........#
#....W#.########
#####.#.# #...#
#####


You could see a wraith.

Vanquished Creatures
  Sigmund (D:3)
  Duvessa (D:7)
  An orc warrior (D:6)
  A phantom (D:7)
  4 ogres
  2 centaurs
  2 bullfrogs (D:6)
  Dowan (D:7)
  A jelly (D:6)
  2 wights (D:6)
  2 howler monkeys (D:6)
  A crimson imp (D:5)
  3 hounds
  4 orc priests
  Ijyb (D:5)
  Jessica (D:3)
  A gnoll shaman (D:5)
  6 orc wizards
  3 worker ants
  Robin (D:2)
  A howler monkey skeleton (D:4)
  9 gnolls
  6 adders
  2 shadow imps
  An ooze (D:6)
  An adder skeleton (D:4)
  A worm (D:2)
  4 dart slugs
  5 leopard geckos
  14 orcs
  A ball python (D:3)
  4 bats
  9 giant cockroaches
  10 goblins
  9 hobgoblins
  11 jackals
  4 quokkas
  3 frilled lizards
  3 kobolds
  A leopard gecko skeleton (D:4)
  A quokka skeleton (D:4)
  9 rats
148 creatures vanquished.

Vanquished Creatures (others)
  A withered plant (D:3)
1 creature vanquished.

Grand Total: 149 creatures vanquished

Notes
Turn   | Place    | Note
-------+----------+-------------------------------------------
     0 | D:1      | Crag the Demonspawn Ice Elementalist began the quest for
                  | the Orb.
     0 | D:1      | Reached XP level 1. HP: 13/13 MP: 3/3
   235 | D:1      | Gained mutation: You are partially covered in large bone
                  | plates. (SH +4) [demonic ancestry]
   235 | D:1      | Reached XP level 2. HP: 19/19 MP: 5/5
   274 | D:1      | Learned a level 2 spell: Throw Frost
   651 | D:2      | Gained mutation: When hurt, damage is shared between your
                  | health and your magic reserves. [demonic ancestry]
   651 | D:2      | Reached XP level 3. HP: 24/24 MP: 6/6
  1091 | D:1      | Gained mutation: You can translocate small distances at
                  | will. [potion of mutation]
  1091 | D:1      | Gained mutation: Your natural rate of healing is unusually
                  | fast. [potion of mutation]
  1091 | D:1      | Gained mutation: You have large cloven feet. [potion of
                  | mutation]
  1164 | D:2      | Found an opulent altar of Gozag.
  1201 | D:2      | Reached skill level 3 in Spellcasting
  1404 | D:2      | Reached XP level 4. HP: 30/30 MP: 1/9
  1612 | D:3      | Noticed Robin
  1718 | D:3      | Noticed Sigmund
  1723 | D:2      | Killed Robin
  1723 | D:2      | Reached skill level 4 in Spellcasting
  2114 | D:2      | Lost mutation: You have large cloven feet. [demonic
                  | ancestry]
  2114 | D:2      | Gained mutation: You have sharp toenails. [demonic
                  | ancestry]
  2114 | D:2      | Reached XP level 5. HP: 15/35 MP: 5/11
  2206 | D:3      | Noticed Jessica
  2211 | D:3      | Killed Jessica
  2211 | D:3      | Reached skill level 5 in Spellcasting
  2336 | D:3      | Found a stormy altar of Qazlal.
  2343 | D:3      | Learned a level 3 spell: Mephitic Cloud
  2389 | D:3      | Learned a level 1 spell: Magic Dart
  2497 | D:3      | Killed Sigmund
  2497 | D:3      | Reached XP level 6. HP: 39/41 MP: 5/13
  2637 | D:3      | Found a snail-covered altar of Cheibriados.
  2646 | D:3      | Became a worshipper of Cheibriados the Contemplative
  2897 | D:3      | Found a runed gate.
  2897 | D:3      | Noticed Boostio's ghost (amateur MiFi)
  2897 | D:3      | Noticed madstrager's ghost (amateur HuFi)
  2898 | D:3      | Found a runed gate.
  2898 | D:3      | Found a runed gate.
  3067 | D:4      | Gained mutation: You have razor-sharp toenails. [demonic
                  | ancestry]
  3067 | D:4      | Reached XP level 7. HP: 36/46 MP: 7/14
  3171 | D:4      | Reached skill level 5 in Conjurations
  3183 | D:4      | Reached * piety under Cheibriados
  3296 | D:4      | Found a basalt altar of Yredelemnul.
  3728 | D:4      | Found a runed door.
  3734 | D:4      | Noticed Gabide's ghost (novice GnWz)
  3897 | D:5      | Entered Level 5 of the Dungeon
  3917 | D:5      | Noticed Ijyb
  3930 | D:5      | Killed Ijyb
  4289 | D:5      | Reached XP level 8. HP: 52/52 MP: 10/15
  4383 | D:5      | Found a sacrificial altar of Ru.
  4524 | D:5      | Reached ** piety under Cheibriados
  4801 | D:5      | Found an ornate altar of the Wu Jian Council.
  5377 | D:6      | Found a staircase to the Ecumenical Temple.
  5395 | D:6      | Found an iron altar of Okawaru.
  5399 | D:6      | Found a blossoming altar of Fedhas.
  5459 | D:6      | Reached skill level 6 in Spellcasting
  5651 | D:6      | Found a shadowy altar of Dithmenos.
  5718 | D:6      | Reached skill level 7 in Spellcasting
  5838 | D:6      | Found a deep blue altar of Sif Muna.
  6088 | D:7      | Reached *** piety under Cheibriados
  6249 | D:7      | Noticed Duvessa
  6249 | D:7      | Noticed Dowan
  6263 | D:7      | Gained mutation: You regenerate magic rapidly. [demonic
                  | ancestry]
  6263 | D:7      | Reached XP level 9. HP: 51/57 MP: 16/20
  6268 | D:7      | Killed Dowan
  6315 | D:7      | Killed Duvessa
  6421 | D:7      | HP: 1/57 [wraith (11)]
  6435 | D:7      | Slain by a wraith

Skill      XL: |  1  2  3  4  5  6  7  8 |
---------------+-------------------------+-----
Ice Magic      | 3 |  3.1
Dodging        | 2 |  2.2
Spellcasting   | 3 4 5 7 |  7.9
Conjurations   | 3 4 6 |  6.5
Air Magic      | 2 4 |  4.4
Stealth        | |  1.7

Action                   |  1- 3 |  4- 6 |  7- 9 || total
-------------------------+-------+-------+-------++-------
Melee: Short sword       |    75 |   114 |   331 ||   520
Throw: Stone             |       |       |     3 ||     3
 Cast: Freeze            |     1 |     1 |       ||     2
       Throw Frost       |    12 |    30 |     4 ||    46
       Mephitic Cloud    |       |     4 |    16 ||    20
       Magic Dart        |       |     2 |    51 ||    53
 Abil: Blink             |       |       |     1 ||     1
  Use: Scroll            |     4 |     1 |     2 ||     7
       Potion            |     2 |     5 |     6 ||    13
 Stab: Sleeping          |     1 |     1 |       ||     2
       Confused          |       |     2 |     2 ||     4
       Distracted        |       |       |     1 ||     1
  Eat: Chunk             |     1 |     8 |     6 ||    15
Armor: Robe              |     6 |    33 |    58 ||    97
Dodge: Dodged            |    31 |    68 |   175 ||   274
Block: Other             |    10 |    23 |    67 ||   100
